AoeStats
← Mr. Penis

Nomad

506218826Analyzed
4v4 RM · 19d ago on Sep 12, 2026· 66m 6s· 8 players
Game mode
Random Map
Map size
231×231
Population
200
Speed
Normal
Resources
Standard
Victory
Conquest
Starting age
Dark Age
Ending age
Imperial Age
RankedLock teamsTeams togetherTeam positionsShared explorationLock speedFull tech treeHidden civsTurbo modeCheats
Victory
Defeat
🇷🇺 Jurchens · Russia
1276
+18
🇷🇺 Celts · Russia
1271
+18
🇩🇪 Huns · Germany
1249
+19
🇺🇦 Malay · Ukraine
1238
+19
🇵🇱 Mongols · Poland
1376
-21
🇵🇱 Italians · Poland
1344
-20
🇵🇱 Persians · Poland
1271
-17
🇵🇱 Dravidians · Poland
1247
-16
Mr. Penis
15:09 Feudal Age
15:52 Horse Collar
15:57 Double-Bit Axe
18:46 Castle Age
17:20 Gold Mining
20:02 Loom
20:53 Wheelbarrow
21:40 Wheelbarrow
21:40 Bow Saw
22:11 Bloodlines
22:01 Husbandry
27:13 Heavy Plow
31:45 Gold Shaft Mining
31:01 Stone Mining
33:07 Stone Shaft Mining
33:06 Scale Barding Armor
34:09 Hand Cart
33:40 Town Watch
39:27 Chain Barding Armor
43:10 Imperial Age
41:12 Forging
44:10 Iron Casting
44:36 Plate Barding Armor
44:30 Masonry
44:00 Elite Steppe Lancer
49:59 Two-Man Saw
49:30 Crop Rotation
52:44 Blast Furnace
51:35 Fletching
54:06 Bodkin Arrow
55:54 Conscription
56:10 Hoardings
55:39 Fortified Bastions
only_mousee
11:09 Loom
15:30 Feudal Age
18:33 Castle Age
17:40 Scale Barding Armor
17:46 Forging
29:31 Horse Collar
30:41 Fletching
31:47 Double-Bit Axe
33:46 Bow Saw
33:44 Heavy Plow
35:26 Bodkin Arrow
37:05 Padded Archer Armor
36:51 Crossbowman
37:56 Thumb Ring
39:30 Wheelbarrow
38:41 Town Watch
41:49 Imperial Age
39:54 Ballistics
40:07 Leather Archer Armor
40:42 Arbalester
41:24 Bracer
42:00 Ring Archer Armor
42:42 Chemistry
48:28 Crop Rotation
49:28 Iron Casting
50:25 Conscription
51:04 Elite Skirmisher
61:05 Elite Karambit Warrior
62:38 Hand Cart
62:24 Town Patrol
61:49 Pikeman
62:30 Squires
62:17 Arson
63:34 Blast Furnace
62:53 Halberdier
haki
13:30 Feudal Age
12:34 Loom
14:09 Double-Bit Axe
22:24 Castle Age
22:10 Gold Mining
23:21 Bloodlines
23:12 Husbandry
23:30 Fletching
24:23 Bodkin Arrow
26:19 Padded Archer Armor
26:48 Stone Mining
31:40 Wheelbarrow
35:59 Imperial Age
33:16 Town Watch
36:00 Hand Cart
37:26 Bow Saw
38:04 Bracer
38:58 Gold Shaft Mining
38:05 Horse Collar
40:08 Conscription
40:56 Two-Man Saw
40:35 Thumb Ring
39:54 Heavy Cavalry Archer
41:31 Parthian Tactics
44:13 Leather Archer Armor
46:29 Forging
47:33 Elite Skirmisher
49:48 Iron Casting
49:19 Scale Barding Armor
53:14 Light Cavalry
54:18 Chain Barding Armor
55:21 Heavy Plow
62:07 Scale Mail Armor
62:43 Squires
64:23 Arson
65:45 Pikeman
sybertuk
5:20 Loom
14:53 Feudal Age
17:07 Town Watch
17:13 Double-Bit Axe
17:11 Horse Collar
19:47 Castle Age
17:18 Man-at-Arms
18:47 Scale Mail Armor
49:22 Bow Saw
50:18 Wheelbarrow
52:18 Imperial Age
51:22 Sanctity
52:34 Chain Mail Armor
53:20 Heavy Plow
53:32 Gold Mining
53:53 Fletching
58:51 Stone Mining
64:16 Forging
66:19 Plate Mail Armor
65:43 Gambesons
Golik
5:51 Loom
12:13 Feudal Age
14:15 Double-Bit Axe
20:05 Castle Age
19:28 Scale Mail Armor
19:38 Forging
20:04 Pikeman
33:03 Horse Collar
39:27 Chain Mail Armor
39:22 Gold Mining
41:20 Bow Saw
43:51 Scale Barding Armor
48:04 Imperial Age
47:56 Iron Casting
47:42 Halberdier
48:23 Squires
49:23 Wheelbarrow
50:04 Plate Mail Armor
51:56 Chain Barding Armor
51:43 Stone Mining
53:21 Blast Furnace
58:12 Padded Archer Armor
58:04 Fletching
59:43 Plate Barding Armor
61:15 Elite Skirmisher
62:02 Thumb Ring
63:14 Leather Archer Armor
Dawidowww
14:03 Feudal Age
14:57 Double-Bit Axe
15:23 Loom
17:50 Castle Age
16:52 Gold Mining
18:45 Fletching
19:21 Bow Saw
26:27 Ballistics
27:11 Padded Archer Armor
34:05 Leather Archer Armor
34:40 Wheelbarrow
33:52 Fishing Lines
41:09 Imperial Age
39:01 Horse Collar
39:15 Gillnets
40:34 Masonry
42:37 Conscription
43:36 Chemistry
45:26 Bloodlines
45:17 Husbandry
49:50 Elite Mangudai
52:06 Thumb Ring
52:31 Parthian Tactics
55:03 Bodkin Arrow
55:58 Siege Engineers
56:23 Bracer
56:50 Onager
61:44 Siege Onager
65:14 Siege Onager
ZawiszaCzarny
3:34 Loom
14:17 Feudal Age
15:19 Double-Bit Axe
19:12 Castle Age
17:35 Fishing Lines
17:58 Fletching
18:43 Padded Archer Armor
19:28 Scale Barding Armor
20:14 Bow Saw
20:38 Bodkin Arrow
22:03 Pikeman
25:06 Squires
25:10 Scale Mail Armor
25:21 Forging
30:22 Wheelbarrow
31:08 Horse Collar
31:22 Town Watch
34:05 Hand Cart
34:04 Gold Mining
35:14 Ballistics
35:12 Chain Mail Armor
35:34 Iron Casting
37:53 Town Patrol
38:53 Chain Barding Armor
40:50 Medical Corps
41:05 Leather Archer Armor
45:16 Imperial Age
45:18 Heavy Plow
45:40 Halberdier
46:55 Plate Mail Armor
48:59 Blast Furnace
49:31 Bracer
49:43 Gillnets
50:21 Conscription
50:39 Ring Archer Armor
58:00 Husbandry
64:11 Elite Elephant Archer
jrox
4:21 Loom
13:22 Feudal Age
15:15 Double-Bit Axe
18:55 Castle Age
17:08 Horse Collar
17:26 Stone Mining
22:10 Fletching
22:09 Town Watch
24:18 Bodkin Arrow
26:25 Padded Archer Armor
29:43 Fishing Lines
36:05 Imperial Age
34:29 Bow Saw
36:14 Wheelbarrow
35:23 Horse Collar
35:35 Gold Mining
36:25 Stone Shaft Mining
39:54 Conscription
38:55 Elite Genoese Crossbowman
43:17 Bracer
45:45 Scale Mail Armor
45:53 Heavy Plow
46:57 Two-Man Saw
49:36 Leather Archer Armor
49:25 Squires
49:49 Hand Cart
51:24 Ring Archer Armor
51:35 Ballistics
52:16 Chemistry
51:56 Chain Mail Armor
53:02 Hoardings
54:02 Forging
54:40 Elite Skirmisher
55:28 Thumb Ring
Connection lost

Rejoining the realm…

Still unreachable

The connection could not be restored.

Session expired

The server has moved on; the page needs a fresh start.